 Dungeon Crawl Stone Soup version 0.13.1-34-g5444d2b (console) character file.

548 planet the Chopper (level 6, -5/78 HPs)
             Began as a Centaur Berserker on Mar 23, 2014.
             Was a Believer of Trog.
             Slain by an ogre
             ... wielding a +0,+0 giant club
              (17 damage)
             ... on Level 7 of the Dungeon.
             The game lasted 00:12:32 (1434 turns).

planet the Chopper (Centaur Berserker)              Turns: 1434, Time: 00:12:32

HP  -5/78        AC  9     Str 24      XL: 6   Next: 89%
MP   4/4         EV  8     Int  8      God: Trog [**....]
Gold 61          SH  0     Dex  9      Spells:  0 memorised,  5 levels left

Res.Fire  : . . .   See Invis. : .   d - -3 orc war axe (curse)
Res.Cold  : . . .   Warding    : .   i - +4 orc ring mail
Life Prot.: . . .   Conserve   : .   (no shield)
Res.Poison: .       Res.Corr.  : .   (no helmet)
Res.Elec. : .       Clarity    : .   (no cloak)
Sust.Abil.: . .     Spirit.Shd : .   (no gloves)
Res.Mut.  : .       Stasis     : .   (no barding)
Res.Rott. : .       Flight     : .   (no amulet)
Saprovore : . . .                    (no ring)
                                     (no ring)

@: berserking, very quick, slightly resistant to hostile enchantments, extremely
unstealthy
A: hooves 3, deformed body, herbivore 1, speed 2, fast metabolism 1, tough skin
3
a: Burn Spellbooks, Berserk, Trog's Hand, Renounce Religion


You were on level 7 of the Dungeon.
You worshipped Trog.
Trog was pleased with you.
You were not hungry.

You visited 1 branch of the dungeon, and saw 7 of its levels.

You collected 112 gold pieces.
You spent 71 gold pieces at shops.

Inventory:

Hand weapons
 a - a +0,+0 hand axe {=f}
 b - a +0 blowgun
 d - a cursed -3,-3 orcish war axe (weapon)
Armour
 i - a +4 orcish ring mail (worn)
Comestibles
 c - 2 bread rations
Scrolls
 f - a scroll of fog
 g - a scroll of recharging
 h - a scroll of noise
 o - a scroll of curse weapon {unknown}
 p - a scroll of enchant weapon II {unknown}
Jewellery
 m - a cursed ring of teleportation {unknown}
Potions
 k - a potion of agility
 l - a potion of restore abilities
 n - a potion of magic
 q - a potion of cure mutation
 r - a potion of berserk rage
 t - a potion of curing
 u - a potion of blood


   Skills:
 - Level 3.0 Fighting
 + Level 7.2 Axes
 - Level 1.3 Armour
 - Level 1.3 Dodging


You had 5 spell levels left.
You didn't know any spells.

Dungeon Overview and Level Annotations

Branches:
Dungeon (7/27)
 Temple: D:4-7          Orc: D:6-11

Altars:
Elyvilon
Fedhas

Shops:
D:4 /[(*

Annotations:
D:5 Grinder


Innate Abilities, Weirdness & Mutations

You have hooves in place of feet.
Armour fits poorly on your strangely shaped body.
You digest meat inefficiently.
You cover ground very quickly.
You have a fast metabolism.
You have extremely tough skin (AC +3).


Message History

The orc hits you but does no damage.
You finish eating.
Blech - you need greens!
Use which ability? (? or * to list)
Okay, then.
Unknown command.
Unknown command.
Search for what [? for help]? shop Unknown command.
Read which item? (? for menu, Esc to quit)
Okay, then.
Use which ability? (? or * to list)
A red film seems to cover your vision as you go berserk!
You feel yourself moving faster!
You feel mighty!
You feel quite a bit more hungry. The ogre completely misses you.
You slash the ogre! You kick the ogre!
The ogre is almost dead.
The orc hits you with an orcish flail.
* * * LOW HITPOINT WARNING * * *
The ogre hits you with a giant club!
You die...

...
...
.z.
.z.
#o#
#s#
#o#
#o#
#@##
#O.#
##.#
#.#
#.#
#.#
#.#
#.##
#..#


You could see an ogre, a scorpion, an orc priest, 2 wights and 2 orcs.

Vanquished Creatures
  An ogre (D:4)
  2 phantoms (D:4)
  A jelly (D:6)
  An orc priest (D:6)
  An orc wizard (D:6)
  An iguana (D:6)
  Ijyb (D:3)
  A hound zombie (D:4)
  4 adders
  A worm (D:3)
  A giant eyeball (D:3)
  A giant gecko (D:4)
  An ooze (D:4)
  13 orcs
  4 bats
  5 hobgoblins
  3 giant cockroaches
  A giant newt (D:3)
  4 goblins
  A hobgoblin skeleton (D:4)
  4 kobolds
  An orc skeleton (D:4)
  A rat (D:1)
54 creatures vanquished.

Notes
Turn   | Place    | Note
--------------------------------------------------------------
     0 | D:1      | planet, the Centaur Berserker, began the quest for the Orb.
     0 | D:1      | Reached XP level 1. HP: 19/19 MP: 0/0
   177 | D:2      | Reached XP level 2. HP: 15/26 MP: 1/1
   255 | D:2      | Acquired Trog's second power
   332 | D:3      | Reached XP level 3. HP: 22/33 MP: 2/2
   372 | D:3      | Reached skill level 4 in Axes
   452 | D:4      | Found a blossoming altar of Fedhas.
   468 | D:4      | Found Edwa Ziud's General Store.
   473 | D:4      | Noticed an ogre
   482 | D:4      | Killed an ogre
   482 | D:4      | Reached skill level 5 in Axes
   482 | D:4      | Reached XP level 4. HP: 39/39 MP: 2/2
   482 | D:4      | Reached XP level 5. HP: 45/45 MP: 3/3
   493 | D:4      | Bought a scroll of identify for 22 gold pieces
   493 | D:4      | Bought a potion of agility for 27 gold pieces
   493 | D:4      | Bought a scroll of identify for 22 gold pieces
   511 | D:4      | Noticed a phantom
   513 | D:5      | Entered Level 5 of the Dungeon
   538 | D:5      | Noticed Grinder
   539 | D:5      | Paralysed by Grinder for 5 turns
   590 | D:4      | Killed a phantom
   646 | D:4      | Found Datuysiq's Armour Shop.
   683 | D:3      | Reached skill level 6 in Axes
   716 | D:3      | Paralysed by a giant eyeball for 3 turns
   733 | D:3      | Noticed Ijyb
   752 | D:3      | Killed Ijyb
   792 | D:4      | Found Qulamoinio's Magical Wand Shop.
   833 | D:4      | Reached XP level 6. HP: 47/52 MP: 4/4
   849 | D:4      | Noticed a phantom
   886 | D:4      | Killed a phantom
  1083 | D:4      | Found Katess' Weapon Boutique.
  1172 | D:6      | Found a white marble altar of Elyvilon.
  1172 | D:6      | Noticed an angel
  1261 | D:6      | Reached skill level 7 in Axes
  1434 | D:7      | Slain by an ogre

Action                   |  1- 3 |  4- 6 || total
-------------------------+-------+-------++-------
Melee: Hand axe          |    70 |    30 ||   100
       War axe           |       |    86 ||    86
Invok: Berserk           |     2 |     2 ||     4
       Trog's Hand       |       |     5 ||     5
  Use: Scroll            |       |     7 ||     7
       Potion            |       |     1 ||     1
